Map: Acropolis LE

Players

PtitDrogo - Winner!

  • Race: Protoss Protoss
  • Spawn Location: 11:00

SortOf

  • Race: Zerg Zerg
  • Spawn Location: 5:00

VOD

Have the link to the VOD?

Description

Time

  • Played on: Sept. 6, 2019, 7:30 p.m.
  • Length: 10:49
Show
View Real Time Build Order
Export as new Build Order

PtitDrogo Protoss - Winner!

Build Orders: 1 Gate Expand, Zealot Archon, Archon Drop, Dark Templar Rush 

Get SALT Encoding   

  12  0:00  Probe  
  13  0:12  Probe  
  14  0:21  Pylon  
  14  0:24  Probe  
  14  0:27  Assimilator  
  15  0:35  Probe  
  16  0:43  Probe  
  16  0:46  Gateway  
  17  0:53  Probe  
  18  1:05  Probe  
  19  1:17  Probe  
  20  1:23  Nexus  
  20  1:33  Cybernetics Core  
  20  1:35  Probe  
  21  1:40  Assimilator  
  21  1:47  Probe  
  21  1:50  Pylon  
  22  1:59  Adept  
  22  2:01  Probe  
  23  2:12  Twilight Council  
  23  2:13  Probe  
  26  2:16  Warp Gate  
  26  2:25  Probe  
  26  2:29  Stalker  
  29  2:32  Probe  
  29  2:33  Probe  
  30  2:40  Probe  
  30  2:41  Probe  
  31  2:50  Probe  
  33  2:51  Probe  
  33  2:54  Robotics Facility  
  35  3:02  Probe  
  35  3:03  Probe  
  37  3:07  Dark Shrine  
  37  3:14  Probe  
  37  3:15  Probe  
  37  3:18  Gateway  
  39  3:26  Probe  
  40  3:30  Warp Prism  
  40  3:31  Gateway x2  
  42  3:42  Probe  
  42  3:43  Probe  
  42  3:48  Assimilator  
  44  3:50  Assimilator  
  44  3:52  Pylon  
  44  3:55  Probe x2  
  46  4:00  Pylon  
  46  4:10  Probe x2  
  48  4:22  Probe x2  
  50  4:28  Dark Templar x2  
  50  4:29  Dark Templar x2  
  58  4:36  Observer, Pylon  
  59  4:39  Probe  
  60  4:47  Probe  
  59  4:53  Probe  
  59  4:56  Nexus  
  59  4:59  Pylon  
  58  5:02  Charge  
  58  5:08  Dark Templar  
  58  5:09  Zealot x2, Dark Templar  
  58  5:10  Pylon  
  58  5:13  Probe  
  67  5:16  Archon x2  
  67  5:18  Probe  
  68  5:23  Forge  
  68  5:36  Zealot x2  
  68  5:37  Protoss Ground Weapons Level 1  
  68  5:41  Probe  
  73  5:43  Dark Templar x2  
  75  5:51  Immortal  
  75  6:03  Probe  
  75  6:04  Probe  
  75  6:07  Probe  
  75  6:10  Archon  
  75  6:11  Probe  
  76  6:14  Templar Archives  
  76  6:15  Gateway, Probe  
  76  6:16  Gateway, Probe  
  78  6:18  Gateway  
  78  6:19  Gateway  
  78  6:20  Sentry  
  78  6:21  Probe  
  82  6:25  Probe  
  82  6:28  Probe  
  84  6:33  Immortal  
  84  6:34  Probe  
  84  6:37  Probe  
  84  6:39  Assimilator  
  90  6:40  Probe  
  90  6:41  Assimilator  
  91  6:48  Probe  
  91  6:49  Psionic Storm, Probe  
  91  6:51  Pylon  
  93  6:56  Pylon  
  93  6:58  Pylon  
  93  7:07  Immortal  
  93  7:09  Probe x3  
  93  7:11  High Templar  
  93  7:12  Pylon, Zealot  
  93  7:14  Photon Cannon  
  100  7:17  Shield Battery  
  100  7:21  Probe x2  
  106  7:26  Probe, Protoss Ground Weapons Level 2  
  107  7:34  Photon Cannon  
  107  7:35  Pylon, Probe  
  107  7:36  Photon Cannon  
  108  7:41  Dark Templar  
  108  7:43  Dark Templar  
  112  7:49  High Templar x2  
  116  7:54  Photon Cannon  
  116  7:57  Shield Battery x2  
  116  8:01  Zealot x3, High Templar  
  122  8:20  Probe  
  122  8:21  Stalker x3  
  120  8:29  Probe  
  120  8:33  Probe  
  120  8:35  Probe  
  118  8:52  High Templar x4  
  118  8:53  Pylon, Zealot x4  
  118  8:55  Pylon  
  131  8:56  Pylon  
  131  8:57  Pylon  
  131  9:00  Archon  
  131  9:01  Gateway  
  131  9:02  Archon  
  128  9:10  Pylon, Nexus  
  128  9:26  Pylon  
  128  9:27  Pylon  
  128  9:29  Zealot x5, High Templar x2  
  128  9:30  Zealot  
  144  9:32  Probe  
  144  9:34  Photon Cannon, Pylon, Archon  
  144  9:35  Pylon, Assimilator  
  145  9:40  Assimilator  
  145  9:44  Gateway  
  143  9:47  Pylon  
  143  9:51  High Templar x2  
  143  9:52  Dark Templar  
  143  9:54  Zealot x3  
  143  9:55  Archon  
  143  9:57  Zealot  
  143  9:59  Probe  
  136  10:07  Zealot  
  136  10:08  Zealot  
  128  10:24  Zealot x4  
  128  10:27  Archon  
  128  10:28  Zealot x9  
  124  10:36  Probe  
Show
View Real Time Build Order
Export as new Build Order

SortOf Zerg 

Build Orders: Hatch First, Muta Ling Bane 

Get SALT Encoding   

  12  0:00  Drone  
  13  0:12  Overlord  
  13  0:16  Drone  
  14  0:31  Drone  
  15  0:44  Hatchery  
  15  0:48  Drone  
  15  0:51  Drone  
  15  0:56  Drone  
  17  0:59  Drone  
  18  1:10  Extractor  
  17  1:15  Spawning Pool  
  17  1:18  Drone  
  17  1:21  Drone  
  18  1:31  Drone  
  19  1:43  Drone  
  20  1:52  Overlord  
  20  2:01  Drone  
  20  2:02  Queen x2  
  20  2:04  Zergling x2  
  20  2:07  Zergling x2  
  27  2:12  Metabolic Boost  
  27  2:16  Drone  
  27  2:18  Drone  
  29  2:26  Drone  
  30  2:40  Pneumatized Carapace  
  30  2:41  Hatchery  
  29  2:45  Drone  
  29  2:47  Zergling x2  
  29  2:50  Overlord  
  31  2:57  Drone  
  32  3:00  Spore Crawler x2  
  32  3:06  Drone x3  
  32  3:09  Queen  
  37  3:15  Drone x2  
  39  3:20  Drone  
  39  3:22  Overlord  
  39  3:25  Drone  
  41  3:32  Drone x3  
  44  3:35  Lair  
  44  3:41  Overlord  
  44  3:43  Drone  
  44  3:46  Queen  
  47  3:50  Drone  
  47  3:54  Roach Warren  
  47  3:56  Drone  
  47  3:57  Drone  
  47  3:58  Drone  
  47  4:01  Drone x2  
  52  4:05  Extractor x2, Drone  
  52  4:07  Drone  
  52  4:10  Queen  
  52  4:14  Spore Crawler  
  52  4:15  Zergling x2  
  52  4:17  Zergling x2  
  55  4:20  Drone  
  55  4:21  Drone  
  57  4:25  Drone  
  57  4:26  Drone x2  
  57  4:27  Overlord  
  57  4:30  Zergling x2  
  61  4:32  Overseer  
  61  4:35  Zergling x2  
  61  4:47  Drone x6  
  61  4:48  Drone  
  61  4:51  Drone  
  67  4:54  Drone x3  
  67  4:59  Drone x4  
  70  5:01  Drone x2  
  70  5:04  Overlord  
  72  5:09  Overlord  
  72  5:10  Overseer  
  72  5:12  Overlord  
  72  5:13  Drone  
  73  5:14  Extractor  
  73  5:16  Glial Reconstitution  
  73  5:20  Extractor  
  71  5:21  Roach  
  71  5:22  Roach  
  71  5:23  Roach  
  71  5:25  Overseer  
  77  5:31  Roach  
  77  5:32  Roach x2  
  83  5:36  Roach x3  
  83  5:41  Roach x2  
  91  5:45  Drone  
  89  5:55  Roach x2  
  87  5:59  Drone x3  
  87  6:02  Drone  
  87  6:03  Drone  
  90  6:04  Overseer  
  90  6:13  Overlord  
  90  6:14  Overlord, Extractor  
  90  6:15  Spire  
  88  6:22  Drone x2  
  88  6:23  Overlord  
  90  6:26  Hatchery  
  90  6:27  Overlord  
  89  6:33  Drone x4  
  89  6:37  Drone x4  
  89  6:39  Drone  
  99  6:40  Drone  
  94  6:49  Roach x3  
  94  6:50  Overlord  
  94  6:51  Overlord  
  94  6:52  Drone  
  101  6:56  Queen  
  101  6:59  Overlord  
  103  7:02  Roach x2  
  103  7:06  Overlord  
  106  7:11  Overlord  
  106  7:13  Roach x3  
  112  7:24  Baneling Nest  
  112  7:27  Mutalisk x6  
  122  7:33  Roach x3  
  122  7:35  Overseer  
  128  7:40  Roach x3  
  134  7:49  Roach x5  
  144  7:51  Overlord  
  144  7:56  Overlord  
  144  7:59  Overlord  
  144  8:01  Roach x3  
  144  8:02  Overlord  
  150  8:08  Centrifical Hooks  
  150  8:10  Drone x4  
  151  8:21  Drone x3  
  151  8:22  Drone  
  151  8:26  Drone x6  
  151  8:27  Drone x2  
  159  8:32  Drone x4  
  160  8:39  Overlord, Drone  
  158  8:48  Drone  
  156  8:51  Infestation Pit  
  156  8:53  Evolution Chamber  
  156  8:54  Evolution Chamber, Drone x5  
  158  8:55  Drone  
  158  8:56  Drone x3  
  162  9:06  Roach x2  
  162  9:07  Roach x4  
  174  9:17  Roach x6  
  174  9:22  Mutalisk x3  
  184  9:30  Zergling x6  
  187  9:33  Hive  
  187  9:37  Zergling x12  
  187  9:38  Extractor, Ravager x3  
  193  9:40  Ravager  
  194  9:47  Zergling x16  
  194  9:50  Baneling x8  
  194  9:51  Zergling x4  
  196  9:56  Zergling x2  
  196  9:58  Baneling x11  
  197  10:05  Zergling x4  
  197  10:06  Zergling x6  
  186  10:11  Baneling  
  180  10:15  Zergling x18  
  180  10:17  Baneling  
  180  10:18  Baneling x5  
  171  10:27  Roach x6  
  138  10:29  Roach x2  
  138  10:32  Hatchery  
Tags
 
Add a new tag
Caveats
  • Supply blocks, unpowered buildings, or Contaminate may cause inaccurate times.
  • Supply counts are checked every 10 seconds.